Reign vs Rocket
Created - July 17, 2022 at 20:00
Goals
|
| Reign |
3 |
2 |
4 |
9 |
| Rocket |
0 |
2 |
1 |
3 |
|
Shots
|
| Reign |
10 |
12 |
19 |
41 |
| Rocket |
10 |
6 |
14 |
30 |
|
1st period
1. Reign , Timo Meier 4 (Vince Hinostroza 5, Jack Roslovic 8) at 0:45
2. Reign , Timo Meier 5 (Jack Roslovic 9) at 5:09
3. Reign , Jack Roslovic 6 (Nikita Tryamkin 1, Timo Meier 5) at 12:03
Penalties :
No Penalty
2nd period
4. Rocket , Mattias Tedenby 4 (Corey Trivino 6, Brandon Pirri 2) at 10:47
5. Reign , Jack Roslovic 7 (Timo Meier 6, Vince Hinostroza 6) at 11:54
6. Reign , Brendan Gaunce 1 (A.J. Jenks 1) at 11:58
7. Rocket , Corey Trivino 2 (Mattias Tedenby 6, Brandon Pirri 3) at 19:49 (PP)
Penalties :
Adrian Kempe (Lav) for Hooking (Minor) at 6:30, Viktor Loov (Lav) for Hooking (Minor) at 12:37, Ty Rattie (Lav) for High sticking (Minor) at 16:29, Jack Dougherty (Ont) for High sticking (Minor) at 18:41
3rd period
8. Rocket , Danton Heinen 1 (Adrian Kempe 1, Peter Holland 4) at 2:53 (PP)
9. Reign , A.J. Jenks 2 (Brendan Gaunce 10, Tyler Pitlick 3) at 5:18
10. Reign , Vince Hinostroza 7 (Jack Roslovic 10, Timo Meier 7) at 5:32
11. Reign , Timo Meier 6 (Dylan Blujus 2) at 8:33 (SH)
12. Reign , Jack Roslovic 8 (Vince Hinostroza 7, Thomas Chabot 5) at 13:15
Penalties :
Brendan Gaunce (Ont) for Interference (Minor) at 1:56, Thomas Chabot (Ont) for Holding (Minor) at 7:38
Goalie Stats
Ilya Samsonov (Ont), 27 saves from 30 shots - (0.900), W, 1-1-1, 60:00 minutes
Igor Shesterkin (Lav), 22 saves from 27 shots - (0.815), L, 4-2-0, 43:21 minutes
Sami Aittokallio (Lav), 10 saves from 14 shots - (0.714), 16:39 minutes
Players Stats for Reign
Player Name G A P +/- PIM S H SB GA TA FO MP PP MP PK MP
------------------------------------------------------------------------------------
A.J. Jenks 1 1 2 2 0 5 2 0 0 1 2/2 14:02 0:07 0:00
Brendan Gaunce 1 1 2 2 2 5 0 0 0 0 12/19 19:48 3:15 2:38
Brendan Guhle 0 0 0 0 0 0 0 0 0 2 0/0 13:12 0:00 0:00
Christian Dvorak 0 0 0 0 0 1 0 0 1 0 0/3 17:49 2:35 3:35
Dylan Blujus 0 1 1 4 0 0 0 2 0 2 0/0 18:13 2:25 0:34
Jack Dougherty 0 0 0 1 2 1 2 0 0 1 0/0 13:44 0:00 0:27
Jack Roslovic 3 3 6 6 0 5 0 0 2 0 12/25 18:10 2:35 1:26
Jacob Josefson 0 0 0 0 0 4 0 0 1 1 3/4 11:38 0:00 0:00
Jakob Chychrun 0 0 0 0 0 0 0 0 0 0 0/0 6:37 0:00 0:00
Joachim Blichfeld 0 0 0 0 0 5 0 0 0 0 0/1 10:23 0:07 0:00
Joel Eriksson Ek 0 0 0 0 0 2 1 0 0 0 4/8 10:10 0:00 0:00
Jordan Schmaltz 0 0 0 4 0 1 1 4 0 0 0/0 21:58 3:32 3:30
Josh Anderson 0 0 0 0 0 1 1 0 0 1 1/1 10:23 0:07 0:00
Logan Stanley 0 0 0 0 0 0 1 1 0 0 0/0 6:37 0:00 0:00
Matthew Tkachuk 0 0 0 0 0 2 2 0 0 1 0/0 11:38 0:00 0:00
Nikita Tryamkin 0 1 1 4 0 0 0 2 0 0 0/0 21:58 3:32 3:30
Thomas Chabot 0 1 1 3 2 1 0 1 0 0 0/0 17:45 2:25 0:07
Timo Meier 3 3 6 6 0 5 1 1 0 0 0/0 17:59 3:15 0:29
Tyler Pitlick 0 1 1 2 0 1 0 0 4 0 1/2 17:11 3:15 0:00
Vince Hinostroza 1 3 4 5 0 2 1 1 0 1 0/1 16:38 2:35 0:00
Players Stats for Rocket
Player Name G A P +/- PIM S H SB GA TA FO MP PP MP PK MP
------------------------------------------------------------------------------------
Adam Fox 0 0 0 -4 0 1 2 1 0 4 0/0 20:19 2:38 0:00
Adrian Kempe 0 1 1 -1 2 3 3 0 0 1 1/1 13:54 0:54 1:18
Andrei Mironov 0 0 0 -1 0 0 1 1 0 0 0/0 14:39 1:26 2:06
Andrey Pedan 0 0 0 -1 0 0 0 0 0 1 0/0 14:39 1:26 2:06
Brandon Pirri 0 2 2 -4 0 3 2 0 2 0 0/0 20:34 3:10 0:32
Corey Trivino 1 1 2 -4 0 4 2 0 0 1 16/38 21:17 3:10 1:05
Danton Heinen 1 0 1 -1 0 6 0 0 2 0 1/1 12:20 0:54 0:00
Dean Kukan 0 0 0 -3 0 0 1 0 0 1 0/0 25:02 0:00 3:51
Dominic Turgeon 0 0 0 -3 0 0 0 0 1 0 4/11 14:31 0:00 3:11
Dylan DeMelo 0 0 0 -4 0 0 0 2 2 0 0/0 18:58 0:00 3:51
Jakub Vrana 0 0 0 0 0 1 1 0 0 0 0/0 10:04 0:00 0:00
Jiri Sekac 0 0 0 -3 0 2 0 0 1 0 1/1 14:31 0:00 3:11
Karson Kuhlman 0 0 0 0 0 0 1 1 0 0 1/4 11:52 0:00 1:41
Kole Sherwood 0 0 0 -3 0 1 0 1 0 0 0/0 11:14 0:00 0:00
Mattias Tedenby 1 1 2 -4 0 7 1 1 0 0 1/1 20:02 3:10 0:00
Peter Holland 0 1 1 -1 0 1 0 0 1 0 6/9 12:20 0:54 0:00
Ty Rattie 0 0 0 0 2 0 2 0 0 0 0/0 11:12 0:00 0:56
Viktor Loov 0 0 0 -3 2 1 2 0 1 0 0/0 26:32 2:38 0:00
3 Stars
1 - Timo Meier (Ont)
2 - Jack Roslovic (Ont)
3 - Vince Hinostroza (Ont)
Power Play
Reign - 0 on 3 Attempt(s) - 0.00%
Rocket - 2 on 3 Attempt(s) - 66.67%
Penalty Kill
Reign - 1 on 3 Attempt(s) - 33.33%
- Score 1 goal in Penalty Kill
Rocket - 3 on 3 Attempt(s) - 100.00%
- Score 0 goal in Penalty Kill
Team Stat
Reign - Hits : 12 - Faceoff Wins : 35 - Blocked Shots : 12 - Penalty Minutes : 6
Rocket - Hits : 18 - Faceoff Wins : 31 - Blocked Shots : 7 - Penalty Minutes : 6
Official
Referees : Francois St. Laurent and Wes McCauley
Linesman : Jesse Marquis and Ryan Gibbons
Game Notes
Sami Aittokallio enters game at 11:54 of 2nd period
Timo Meier has scored a Hat Trick!
Igor Shesterkin enters game at 8:33 of 3rd period
Jack Roslovic has scored a Hat Trick!
Finance
Level 1 -- Attendance: 2000 (100.00%) -- Ticket Income $70,000
Level 2 -- Attendance: 1000 (100.00%) -- Ticket Income $15,000
Total Attendance: 3000 (100.00%)
Total Ticket Income: $85,000
Other Income: $4,250
Total Income: $89,250
Reign
5 vs 5 Forward
Center Left Wing Right Wing Time % Phy DF OF
1 Brendan Gaunce A.J. Jenks Tyler Pitlick 30 1 2 2
2 Jack Roslovic Timo Meier Vince Hinostroza 30 1 2 2
3 Jacob Josefson Christian Dvorak Matthew Tkachuk 20 1 2 2
4 Joel Eriksson Ek Joachim Blichfeld Josh Anderson 20 1 2 2
5 vs 5 Defense
Defense Defense Time % Phy DF OF
1 Jordan Schmaltz Nikita Tryamkin 30 1 3 1
2 Dylan Blujus Thomas Chabot 30 1 2 2
3 Brendan Guhle Jack Dougherty 25 1 2 2
4 Jakob Chychrun Logan Stanley 15 1 2 2
PowerPlay Forward
Center Left Wing Right Wing Time % Phy DF OF
1 Brendan Gaunce Timo Meier Tyler Pitlick 60 1 2 2
2 Jack Roslovic Christian Dvorak Vince Hinostroza 40 1 2 2
PowerPlay Defense
Defense Defense Time % Phy DF OF
1 Jordan Schmaltz Nikita Tryamkin 60 1 2 2
2 Dylan Blujus Thomas Chabot 40 1 2 2
Penalty Kill 4 Players Forward
Center Wing Time % Phy DF OF
1 Brendan Gaunce Christian Dvorak 60 1 2 2
2 Jack Roslovic Timo Meier 40 1 2 2
Penalty Kill 4 Players Defense
Defense Defense Time % Phy DF OF
1 Jordan Schmaltz Nikita Tryamkin 60 1 2 2
2 Dylan Blujus Thomas Chabot 40 1 2 2
Penalty Kill - 3 Players Forward
Forward Time % Phy DF OF
1 Brendan Gaunce 60 2 3 0
2 Jack Roslovic 40 2 3 0
Penalty Kill - 3 Players Defense
Defense Defense Time % Phy DF OF
1 Jordan Schmaltz Nikita Tryamkin 60 3 2 0
2 Dylan Blujus Thomas Chabot 40 3 2 0
4 vs 4 Forward
Center Wing Time % Phy DF OF
1 Brendan Gaunce Timo Meier 60 1 2 2
2 Jack Roslovic Christian Dvorak 40 1 2 2
4 vs 4 Defense
Defense Defense Time % Phy DF OF
1 Jordan Schmaltz Nikita Tryamkin 60 1 2 2
2 Dylan Blujus Thomas Chabot 40 1 2 2
Last Minutes Offensive
Center Left Wing Right Wing Defense Defense
Brendan Gaunce Christian Dvorak Tyler Pitlick Jordan Schmaltz Nikita Tryamkin
Last Minutes Defensive
Center Left Wing Right Wing Defense Defense
Brendan Gaunce Christian Dvorak Tyler Pitlick Jordan Schmaltz Nikita Tryamkin
Goaltenders
Starting : Ilya Samsonov
Backup : Jean-Francois Berube
Extra Forwards
Normal : Brendan Gaunce, A.J. Jenks, Jack Roslovic - PP : Brendan Gaunce, A.J. Jenks - PK : Brendan Gaunce
Extra Defensemen
Normal : Jack Dougherty, Jakob Chychrun, Logan Stanley - PP : Jack Dougherty - PK : Jack Dougherty, Jakob Chychrun
Penalty Shots
Christian Dvorak, Tyler Pitlick, Timo Meier, Vince Hinostroza, Brendan Gaunce
Scratches
Adam Ollas-Mattsson (Healthy), Blake Lizotte (Healthy), Bokondji Imama (Healthy), Joel Vermin (Healthy), Nikita Gusev (Healthy)
Shane Prince (Healthy), Trevor Moore (Healthy), Blake Hillman (Healthy), Michael Pezzetta (Healthy), Austin Czarnik (Healthy)
Cal Petersen (Healthy), Jordan Binnington (Healthy)
Rocket
5 vs 5 Forward
Center Left Wing Right Wing Time % Phy DF OF
1 Corey Trivino Brandon Pirri Mattias Tedenby 40 0 2 3
2 Peter Holland Adrian Kempe Danton Heinen 30 0 2 3
3 Dominic Turgeon Jiri Sekac Kole Sherwood 20 0 3 2
4 Karson Kuhlman Jakub Vrana Ty Rattie 10 1 2 2
5 vs 5 Defense
Defense Defense Time % Phy DF OF
1 Viktor Loov Dean Kukan 40 1 2 2
2 Adam Fox Dylan DeMelo 30 1 2 2
3 Andrei Mironov Andrey Pedan 20 1 2 2
4 Viktor Loov Adam Fox 10 1 2 2
PowerPlay Forward
Center Left Wing Right Wing Time % Phy DF OF
1 Corey Trivino Brandon Pirri Mattias Tedenby 60 0 1 4
2 Peter Holland Adrian Kempe Danton Heinen 40 0 1 4
PowerPlay Defense
Defense Defense Time % Phy DF OF
1 Viktor Loov Adam Fox 60 0 1 4
2 Andrey Pedan Andrei Mironov 40 0 1 4
Penalty Kill 4 Players Forward
Center Wing Time % Phy DF OF
1 Dominic Turgeon Jiri Sekac 60 0 4 1
2 Karson Kuhlman Ty Rattie 40 0 4 1
Penalty Kill 4 Players Defense
Defense Defense Time % Phy DF OF
1 Dylan DeMelo Dean Kukan 60 0 5 0
2 Andrey Pedan Andrei Mironov 40 0 5 0
Penalty Kill - 3 Players Forward
Forward Time % Phy DF OF
1 Dominic Turgeon 60 0 5 0
2 Corey Trivino 40 0 5 0
Penalty Kill - 3 Players Defense
Defense Defense Time % Phy DF OF
1 Andrei Mironov Andrey Pedan 60 0 5 0
2 Dylan DeMelo Viktor Loov 40 0 5 0
4 vs 4 Forward
Center Wing Time % Phy DF OF
1 Mattias Tedenby Corey Trivino 60 0 2 3
2 Brandon Pirri Adrian Kempe 40 0 2 3
4 vs 4 Defense
Defense Defense Time % Phy DF OF
1 Viktor Loov Adam Fox 60 0 2 3
2 Andrey Pedan Dylan DeMelo 40 0 2 3
Last Minutes Offensive
Center Left Wing Right Wing Defense Defense
Corey Trivino Brandon Pirri Mattias Tedenby Viktor Loov Adam Fox
Last Minutes Defensive
Center Left Wing Right Wing Defense Defense
Corey Trivino Brandon Pirri Mattias Tedenby Andrei Mironov Dean Kukan
Goaltenders
Starting : Igor Shesterkin
Backup : Sami Aittokallio
Extra Forwards
Normal : Danton Heinen, Adrian Kempe, Mattias Tedenby - PP : Mattias Tedenby, Danton Heinen - PK : Dominic Turgeon
Extra Defensemen
Normal : Viktor Loov, Adam Fox, Andrey Pedan - PP : Adam Fox - PK : Dylan DeMelo, Andrey Pedan
Penalty Shots
Mattias Tedenby, Corey Trivino, Brandon Pirri, Adrian Kempe, Danton Heinen
Scratches
Branden Troock (Healthy), Daniel Sprong (Healthy), Guillaume Brisebois (Healthy), Jack Glover (Healthy), Luca Sbisa (Torn Right MCL Injury)
Mason Appleton (Healthy), Ryan Collins (Healthy), Sergey Tolchinsky (Healthy), Tyler Lewington (Healthy), Luke Kunin (Healthy)
Mikhail Maltsev (Healthy)
% Time on Ice - Reign
Lines # - Real PCT - Wanted PCT - Time Play
Normal Forward
1 - 28% - 30% - 14:02
2 - 28% - 30% - 14:09
3 - 23% - 20% - 11:38
4 - 20% - 20% - 10:10
Normal Defense
1 - 30% - 30% - 14:56
2 - 30% - 30% - 15:14
3 - 26% - 25% - 13:12
4 - 13% - 15% - 6:37
PP Forward
1 - 57% - 60% - 3:22
2 - 43% - 40% - 2:35
PP Defense
1 - 59% - 60% - 3:32
2 - 41% - 40% - 2:25
PK Forward
1 - 88% - 60% - 3:35
2 - 12% - 40% - 0:29
PK Defense
1 - 86% - 60% - 3:30
2 - 14% - 40% - 0:34
PK3 Forward
1 - 0% - 60%
2 - 0% - 40%
PK3 Defense
1 - 0% - 60%
2 - 0% - 40%
44 Forward
1 - 0% - 60%
2 - 0% - 40%
44 Defense
1 - 0% - 60%
2 - 0% - 40%
Last Minute Offensive - 0:00
Last Minute Defensive - 0:00
Total
Forward - 60:00
Defense - 60:00
|
% Time on Ice - Rocket
Lines # - Real PCT - Wanted PCT - Time Play
Normal Forward
1 - 34% - 40% - 17:08
2 - 23% - 30% - 11:33
3 - 22% - 20% - 11:14
4 - 20% - 10% - 10:04
Normal Defense
1 - 42% - 40% - 21:11
2 - 30% - 30% - 15:08
3 - 22% - 20% - 10:55
4 - 6% - 10% - 2:45
PP Forward
1 - 78% - 60% - 3:10
2 - 22% - 40% - 0:54
PP Defense
1 - 65% - 60% - 2:38
2 - 35% - 40% - 1:26
PK Forward
1 - 72% - 60% - 4:16
2 - 28% - 40% - 1:41
PK Defense
1 - 65% - 60% - 3:51
2 - 35% - 40% - 2:06
PK3 Forward
1 - 0% - 60%
2 - 0% - 40%
PK3 Defense
1 - 0% - 60%
2 - 0% - 40%
44 Forward
1 - 0% - 60%
2 - 0% - 40%
44 Defense
1 - 0% - 60%
2 - 0% - 40%
Last Minute Offensive - 0:00
Last Minute Defensive - 0:00
Total
Forward - 60:00
Defense - 60:00
|
Play-by-Play
1st period
0:01 of 1st period - Corey Trivino wins face-off versus Brendan Gaunce in neutral zone.
0:10 of 1st period - Snap shot by Mattias Tedenby.
0:10 of 1st period - Shot Blocked by Nikita Tryamkin.
0:35 of 1st period - Slapshot by Danton Heinen.
0:35 of 1st period - Stopped by Ilya Samsonov without a rebound.
0:36 of 1st period - Jack Roslovic wins face-off versus Dominic Turgeon in Reign zone.
0:43 of 1st period - Slapshot by Timo Meier.
0:43 of 1st period - Shot Misses the Net.
0:45 of 1st period - Snap shot by Timo Meier.
0:45 of 1st period - Goal by Timo Meier - Reign : 1 - Rocket : 0.
0:46 of 1st period - Karson Kuhlman wins face-off versus Joel Eriksson Ek in neutral zone.
0:49 of 1st period - Joachim Blichfeld is hit by Ty Rattie and loses puck.
1:02 of 1st period - Snap shot by Joachim Blichfeld.
1:02 of 1st period - Stopped by Igor Shesterkin with a rebound.
1:39 of 1st period - Snap shot by Mattias Tedenby.
1:39 of 1st period - Shot Misses the Net.
1:59 of 1st period - Wrist shot by Jiri Sekac.
1:59 of 1st period - Stopped by Ilya Samsonov with a rebound.
2:01 of 1st period - Slapshot by Dean Kukan.
2:01 of 1st period - Shot Misses the Net.
2:15 of 1st period - A.J. Jenks is hit by Dean Kukan and loses puck.
2:22 of 1st period - Wrist shot by Danton Heinen.
2:22 of 1st period - Shot Misses the Net.
3:07 of 1st period - Slapshot by Tyler Pitlick.
3:07 of 1st period - Shot Hit the Post.
3:32 of 1st period - Slapshot by Thomas Chabot.
3:32 of 1st period - Shot Misses the Net.
4:51 of 1st period - Slapshot by Brendan Gaunce.
4:51 of 1st period - Stopped by Igor Shesterkin with a rebound.
4:53 of 1st period - Snap shot by Tyler Pitlick.
4:53 of 1st period - Shot Blocked by Dylan DeMelo.
5:01 of 1st period - Snap shot by Tyler Pitlick.
5:01 of 1st period - Deflect By A.J. Jenks.
5:01 of 1st period - Stopped by Igor Shesterkin without a rebound.
5:02 of 1st period - Jack Roslovic wins face-off versus Corey Trivino in Rocket zone.
5:09 of 1st period - Snap shot by Timo Meier.
5:09 of 1st period - Goal by Timo Meier - Reign : 2 - Rocket : 0.
5:10 of 1st period - Corey Trivino wins face-off versus Jack Roslovic in neutral zone.
5:13 of 1st period - Wrist shot by Brandon Pirri.
5:13 of 1st period - Shot Misses the Net.
5:26 of 1st period - Slapshot by Dean Kukan.
5:26 of 1st period - Shot Blocked by Vince Hinostroza.
6:02 of 1st period - Wrist shot by Joachim Blichfeld.
6:02 of 1st period - Stopped by Igor Shesterkin with a rebound.
6:44 of 1st period - Slapshot by Mattias Tedenby.
6:44 of 1st period - Stopped by Ilya Samsonov with a rebound.
6:46 of 1st period - Wrist shot by Corey Trivino.
6:46 of 1st period - Stopped by Ilya Samsonov with a rebound.
7:12 of 1st period - Wrist shot by Danton Heinen.
7:12 of 1st period - Stopped by Ilya Samsonov without a rebound.
7:13 of 1st period - Corey Trivino wins face-off versus Jack Roslovic in Reign zone.
7:23 of 1st period - Off-side.
7:24 of 1st period - Corey Trivino wins face-off versus Jack Roslovic in neutral zone.
7:35 of 1st period - Wrist shot by Brandon Pirri.
7:35 of 1st period - Shot Blocked by Jordan Schmaltz.
7:37 of 1st period - Snap shot by Mattias Tedenby.
7:37 of 1st period - Stopped by Ilya Samsonov with a rebound.
7:51 of 1st period - Andrey Pedan is hit by Matthew Tkachuk and loses puck.
8:03 of 1st period - Snap shot by Adrian Kempe.
8:03 of 1st period - Stopped by Ilya Samsonov without a rebound.
8:04 of 1st period - Dominic Turgeon wins face-off versus Joel Eriksson Ek in Reign zone.
8:05 of 1st period - Slapshot by Jiri Sekac.
8:05 of 1st period - Shot Misses the Net.
9:15 of 1st period - Adam Fox is hit by Jordan Schmaltz and loses puck.
9:53 of 1st period - Icing by Andrey Pedan.
9:54 of 1st period - Jacob Josefson wins face-off versus Corey Trivino in Rocket zone.
10:33 of 1st period - Icing by Andrey Pedan.
10:34 of 1st period - Peter Holland wins face-off versus Joel Eriksson Ek in Rocket zone.
10:45 of 1st period - Wrist shot by Brandon Pirri.
10:45 of 1st period - Shot Misses the Net.
10:47 of 1st period - Wrist shot by Mattias Tedenby.
10:47 of 1st period - Stopped by Ilya Samsonov with a rebound.
10:49 of 1st period - Slapshot by Brandon Pirri.
10:49 of 1st period - Shot Misses the Net.
11:28 of 1st period - Dean Kukan is hit by Logan Stanley and loses puck.
11:51 of 1st period - Snap shot by Vince Hinostroza.
11:51 of 1st period - Shot Misses the Net.
11:53 of 1st period - Wrist shot by Vince Hinostroza.
11:53 of 1st period - Shot Misses the Net.
12:01 of 1st period - Snap shot by Timo Meier.
12:01 of 1st period - Shot Misses the Net.
12:03 of 1st period - Slapshot by Nikita Tryamkin.
12:03 of 1st period - Deflect By Jack Roslovic.
12:03 of 1st period - Goal by Jack Roslovic - Reign : 3 - Rocket : 0.
12:04 of 1st period - Corey Trivino wins face-off versus Christian Dvorak in neutral zone.
12:07 of 1st period - Snap shot by Mattias Tedenby.
12:07 of 1st period - Shot Misses the Net.
12:35 of 1st period - Snap shot by Adrian Kempe.
12:35 of 1st period - Stopped by Ilya Samsonov with a rebound.
12:37 of 1st period - Slapshot by Andrey Pedan.
12:37 of 1st period - Shot Blocked by Logan Stanley.
12:39 of 1st period - Wrist shot by Danton Heinen.
12:39 of 1st period - Stopped by Ilya Samsonov with a rebound.
14:03 of 1st period - Adam Fox is hit by A.J. Jenks and loses puck.
14:18 of 1st period - Joachim Blichfeld is hit by Adam Fox and loses puck.
14:51 of 1st period - Icing by Dylan DeMelo.
14:52 of 1st period - Dominic Turgeon wins face-off versus Jack Roslovic in Rocket zone.
15:25 of 1st period - Wrist shot by Matthew Tkachuk.
15:25 of 1st period - Stopped by Igor Shesterkin with a rebound.
15:57 of 1st period - Snap shot by Karson Kuhlman.
15:57 of 1st period - Shot Misses the Net.
18:38 of 1st period - Slapshot by Joachim Blichfeld.
18:38 of 1st period - Stopped by Igor Shesterkin without a rebound.
18:39 of 1st period - Joel Eriksson Ek wins face-off versus Dominic Turgeon in Rocket zone.
18:56 of 1st period - Brendan Guhle is hit by Viktor Loov and loses puck.
19:21 of 1st period - Dominic Turgeon is hit by Joel Eriksson Ek and loses puck.
19:59 of 1st period - Snap shot by Joel Eriksson Ek.
19:59 of 1st period - Stopped by Igor Shesterkin without a rebound.
Goals for this period are 3 for Reign vs 0 for Rocket.
Shots for this period are 10 for Reign vs 10 for Rocket.
2nd period
0:01 of 2nd period - Corey Trivino wins face-off versus Jack Roslovic in neutral zone.
0:50 of 2nd period - Wrist shot by Jordan Schmaltz.
0:50 of 2nd period - Shot Blocked by Kole Sherwood.
1:14 of 2nd period - Snap shot by Ty Rattie.
1:14 of 2nd period - Shot Misses the Net.
2:15 of 2nd period - Snap shot by Matthew Tkachuk.
2:15 of 2nd period - Shot Misses the Net.
4:03 of 2nd period - Snap shot by Mattias Tedenby.
4:03 of 2nd period - Stopped by Ilya Samsonov with a rebound.
4:19 of 2nd period - Slapshot by Dylan DeMelo.
4:19 of 2nd period - Shot Misses the Net.
4:25 of 2nd period - Wrist shot by Jordan Schmaltz.
4:25 of 2nd period - Shot Misses the Net.
4:27 of 2nd period - Snap shot by Joachim Blichfeld.
4:27 of 2nd period - Shot Misses the Net.
4:43 of 2nd period - Tyler Pitlick is hit by Adam Fox and loses puck.
4:58 of 2nd period - Dominic Turgeon is hit by Jack Dougherty and loses puck.
6:01 of 2nd period - Snap shot by Jacob Josefson.
6:01 of 2nd period - Stopped by Igor Shesterkin with a rebound.
6:03 of 2nd period - Slapshot by Dylan Blujus.
6:03 of 2nd period - Shot Blocked by Karson Kuhlman.
6:05 of 2nd period - Slapshot by Jacob Josefson.
6:05 of 2nd period - Stopped by Igor Shesterkin with a rebound.
6:07 of 2nd period - Slapshot by Jacob Josefson.
6:07 of 2nd period - Stopped by Igor Shesterkin without a rebound.
6:08 of 2nd period - Jacob Josefson wins face-off versus Corey Trivino in Rocket zone.
6:27 of 2nd period - Snap shot by Matthew Tkachuk.
6:27 of 2nd period - Stopped by Igor Shesterkin without a rebound.
6:28 of 2nd period - Peter Holland wins face-off versus Jack Roslovic in Rocket zone.
6:30 of 2nd period - Minor Penalty to Adrian Kempe for Hooking.
6:31 of 2nd period - Dominic Turgeon wins face-off versus Brendan Gaunce in Rocket zone.
6:58 of 2nd period - Dean Kukan is hit by Vince Hinostroza.
7:32 of 2nd period - Wrist shot by Dominic Turgeon.
7:32 of 2nd period - Shot Misses the Net.
7:59 of 2nd period - Icing by Jack Roslovic.
8:00 of 2nd period - Jack Roslovic wins face-off versus Karson Kuhlman in Reign zone.
8:29 of 2nd period - Tyler Pitlick is hit by Karson Kuhlman and loses puck.
8:30 of 2nd period - Penalty to Adrian Kempe is over, Adrian Kempe is back on ice.
8:36 of 2nd period - Snap shot by Adam Fox.
8:36 of 2nd period - Stopped by Ilya Samsonov without a rebound.
8:37 of 2nd period - Joel Eriksson Ek wins face-off versus Corey Trivino in Reign zone.
8:37 of 2nd period - Joel Eriksson Ek is hit by Mattias Tedenby.
9:58 of 2nd period - Wrist shot by Christian Dvorak.
9:58 of 2nd period - Shot Blocked by Andrei Mironov.
10:30 of 2nd period - Wrist shot by Jakub Vrana.
10:30 of 2nd period - Stopped by Ilya Samsonov without a rebound.
10:31 of 2nd period - Corey Trivino wins face-off versus Vince Hinostroza in Reign zone.
10:41 of 2nd period - Off-side.
10:42 of 2nd period - Corey Trivino wins face-off versus Jack Roslovic in neutral zone.
10:45 of 2nd period - Slapshot by Corey Trivino.
10:45 of 2nd period - Shot Blocked by Jordan Schmaltz.
10:47 of 2nd period - Slapshot by Mattias Tedenby.
10:47 of 2nd period - Goal by Mattias Tedenby - Reign : 3 - Rocket : 1.
10:48 of 2nd period - Mattias Tedenby wins face-off versus Brendan Gaunce in neutral zone.
11:12 of 2nd period - Icing by Dean Kukan.
11:13 of 2nd period - Danton Heinen wins face-off versus Jack Roslovic in Rocket zone.
11:46 of 2nd period - Snap shot by Brandon Pirri.
11:46 of 2nd period - Stopped by Ilya Samsonov without a rebound.
11:47 of 2nd period - Jack Roslovic wins face-off versus Corey Trivino in Reign zone.
11:54 of 2nd period - Slapshot by Jack Roslovic.
11:54 of 2nd period - Goal by Jack Roslovic - Reign : 4 - Rocket : 1.
11:54 of 2nd period - Sami Aittokallio enters game.
11:55 of 2nd period - A.J. Jenks wins face-off versus Corey Trivino in neutral zone.
11:58 of 2nd period - Snap shot by Brendan Gaunce.
11:58 of 2nd period - Goal by Brendan Gaunce - Reign : 5 - Rocket : 1.
11:59 of 2nd period - Corey Trivino wins face-off versus Jack Roslovic in neutral zone.
12:26 of 2nd period - Dean Kukan is hit by A.J. Jenks and loses puck.
12:35 of 2nd period - Wrist shot by Tyler Pitlick.
12:35 of 2nd period - Shot Misses the Net.
12:37 of 2nd period - Minor Penalty to Viktor Loov for Hooking.
12:38 of 2nd period - Dominic Turgeon wins face-off versus Tyler Pitlick in Rocket zone.
12:52 of 2nd period - Snap shot by Brendan Gaunce.
12:52 of 2nd period - Stopped by Sami Aittokallio without a rebound.
12:53 of 2nd period - Tyler Pitlick wins face-off versus Dominic Turgeon in Rocket zone.
14:07 of 2nd period - Jordan Schmaltz is hit by Adrian Kempe and loses puck.
14:37 of 2nd period - Penalty to Viktor Loov is over, Viktor Loov is back on ice.
14:46 of 2nd period - Wrist shot by Josh Anderson.
14:46 of 2nd period - Stopped by Sami Aittokallio without a rebound.
14:47 of 2nd period - Joel Eriksson Ek wins face-off versus Karson Kuhlman in Rocket zone.
15:00 of 2nd period - Snap shot by Joachim Blichfeld.
15:00 of 2nd period - Stopped by Sami Aittokallio with a rebound.
15:02 of 2nd period - Snap shot by Jack Dougherty.
15:02 of 2nd period - Stopped by Sami Aittokallio with a rebound.
16:07 of 2nd period - Slapshot by Jordan Schmaltz.
16:07 of 2nd period - Stopped by Sami Aittokallio without a rebound.
16:08 of 2nd period - Joel Eriksson Ek wins face-off versus Karson Kuhlman in Rocket zone.
16:29 of 2nd period - Minor Penalty to Ty Rattie for High sticking.
16:30 of 2nd period - Brendan Gaunce wins face-off versus Dominic Turgeon in Rocket zone.
18:29 of 2nd period - Penalty to Ty Rattie is over, Ty Rattie is back on ice.
18:34 of 2nd period - Slapshot by A.J. Jenks.
18:34 of 2nd period - Stopped by Sami Aittokallio without a rebound.
18:35 of 2nd period - Corey Trivino wins face-off versus Joachim Blichfeld in Rocket zone.
18:41 of 2nd period - Minor Penalty to Jack Dougherty for High sticking.
18:42 of 2nd period - Brendan Gaunce wins face-off versus Corey Trivino in Reign zone.
18:53 of 2nd period - Icing by Adam Fox.
18:54 of 2nd period - Brendan Gaunce wins face-off versus Corey Trivino in Rocket zone.
18:57 of 2nd period - Snap shot by Christian Dvorak.
18:57 of 2nd period - Shot Misses the Net.
19:31 of 2nd period - Snap shot by Mattias Tedenby.
19:31 of 2nd period - Shot Blocked by Nikita Tryamkin.
19:33 of 2nd period - Snap shot by Brandon Pirri.
19:33 of 2nd period - Shot Misses the Net.
19:35 of 2nd period - Backhand shot by Brandon Pirri.
19:35 of 2nd period - Shot Blocked by Jordan Schmaltz.
19:37 of 2nd period - Wrist shot by Corey Trivino.
19:37 of 2nd period - Shot Blocked by Jordan Schmaltz.
19:49 of 2nd period - Wrist shot by Corey Trivino.
19:49 of 2nd period - Goal by Corey Trivino - Reign : 5 - Rocket : 2.
19:50 of 2nd period - Jack Roslovic wins face-off versus Peter Holland in neutral zone.
Goals for this period are 2 for Reign vs 2 for Rocket.
Shots for this period are 12 for Reign vs 6 for Rocket.
3rd period
0:01 of 3rd period - Corey Trivino wins face-off versus Brendan Gaunce in neutral zone.
0:04 of 3rd period - Slapshot by Mattias Tedenby.
0:04 of 3rd period - Stopped by Ilya Samsonov without a rebound.
0:05 of 3rd period - Brendan Gaunce wins face-off versus Corey Trivino in Reign zone.
0:05 of 3rd period - Brendan Gaunce is hit by Viktor Loov.
0:19 of 3rd period - Wrist shot by Brendan Gaunce.
0:19 of 3rd period - Stopped by Sami Aittokallio with a rebound.
1:01 of 3rd period - Snap shot by Kole Sherwood.
1:01 of 3rd period - Shot Hit the Post.
1:03 of 3rd period - Slapshot by Viktor Loov.
1:03 of 3rd period - Stopped by Ilya Samsonov without a rebound.
1:04 of 3rd period - Brendan Gaunce wins face-off versus Corey Trivino in Reign zone.
1:13 of 3rd period - Slapshot by Brendan Gaunce.
1:13 of 3rd period - Stopped by Sami Aittokallio with a rebound.
1:15 of 3rd period - Slapshot by Brendan Gaunce.
1:15 of 3rd period - Shot Misses the Net.
1:17 of 3rd period - Slapshot by A.J. Jenks.
1:17 of 3rd period - Shot Misses the Net.
1:19 of 3rd period - Wrist shot by Tyler Pitlick.
1:19 of 3rd period - Shot Misses the Net.
1:34 of 3rd period - Slapshot by Danton Heinen.
1:34 of 3rd period - Stopped by Ilya Samsonov without a rebound.
1:35 of 3rd period - Peter Holland wins face-off versus Jack Roslovic in Reign zone.
1:50 of 3rd period - Snap shot by Danton Heinen.
1:50 of 3rd period - Shot Hit the Post.
1:52 of 3rd period - Snap shot by Andrei Mironov.
1:52 of 3rd period - Deflect By Adrian Kempe.
1:52 of 3rd period - Stopped by Ilya Samsonov without a rebound.
1:53 of 3rd period - Brendan Gaunce wins face-off versus Corey Trivino in Reign zone.
1:53 of 3rd period - Brendan Gaunce is hit by Brandon Pirri.
1:56 of 3rd period - Minor Penalty to Brendan Gaunce for Interference.
1:57 of 3rd period - Jack Roslovic wins face-off versus Corey Trivino in Reign zone.
2:10 of 3rd period - Icing by Adam Fox.
2:11 of 3rd period - Jack Roslovic wins face-off versus Corey Trivino in Rocket zone.
2:44 of 3rd period - Wrist shot by Brandon Pirri.
2:44 of 3rd period - Shot Misses the Net.
2:46 of 3rd period - Slapshot by Corey Trivino.
2:46 of 3rd period - Stopped by Ilya Samsonov without a rebound.
2:47 of 3rd period - Adrian Kempe wins face-off versus Christian Dvorak in Reign zone.
2:53 of 3rd period - Snap shot by Danton Heinen.
2:53 of 3rd period - Goal by Danton Heinen - Reign : 5 - Rocket : 3.
2:54 of 3rd period - Corey Trivino wins face-off versus Brendan Gaunce in neutral zone.
3:19 of 3rd period - Dean Kukan is hit by Matthew Tkachuk.
4:02 of 3rd period - Andrei Mironov is hit by Josh Anderson and loses puck.
4:07 of 3rd period - Snap shot by Joachim Blichfeld.
4:07 of 3rd period - Stopped by Sami Aittokallio with a rebound.
4:09 of 3rd period - Wrist shot by Joel Eriksson Ek.
4:09 of 3rd period - Stopped by Sami Aittokallio without a rebound.
4:10 of 3rd period - A.J. Jenks wins face-off versus Corey Trivino in Rocket zone.
4:21 of 3rd period - Snap shot by Jordan Schmaltz.
4:21 of 3rd period - Deflect By Tyler Pitlick.
4:21 of 3rd period - Shot Misses the Net.
4:21 of 3rd period - Puck is out of play.
4:22 of 3rd period - Jack Roslovic wins face-off versus Corey Trivino in Rocket zone.
5:02 of 3rd period - Backhand shot by Brandon Pirri.
5:02 of 3rd period - Stopped by Ilya Samsonov without a rebound.
5:03 of 3rd period - Brendan Gaunce wins face-off versus Peter Holland in Reign zone.
5:18 of 3rd period - Slapshot by A.J. Jenks.
5:18 of 3rd period - Goal by A.J. Jenks - Reign : 6 - Rocket : 3.
5:19 of 3rd period - Corey Trivino wins face-off versus Jack Roslovic in neutral zone.
5:24 of 3rd period - Off-side.
5:25 of 3rd period - Jack Roslovic wins face-off versus Corey Trivino in neutral zone.
5:32 of 3rd period - Wrist shot by Vince Hinostroza.
5:32 of 3rd period - Goal by Vince Hinostroza - Reign : 7 - Rocket : 3.
5:33 of 3rd period - Brendan Gaunce wins face-off versus Corey Trivino in neutral zone.
6:00 of 3rd period - Dean Kukan is hit by Timo Meier and loses puck.
6:36 of 3rd period - Matthew Tkachuk is hit by Jakub Vrana and loses puck.
7:26 of 3rd period - Snap shot by Corey Trivino.
7:26 of 3rd period - Stopped by Ilya Samsonov with a rebound.
7:28 of 3rd period - Slapshot by Dylan DeMelo.
7:28 of 3rd period - Shot Blocked by Timo Meier.
7:30 of 3rd period - Wrist shot by Corey Trivino.
7:30 of 3rd period - Shot Blocked by Thomas Chabot.
7:32 of 3rd period - Slapshot by Dylan DeMelo.
7:32 of 3rd period - Shot Blocked by Dylan Blujus.
7:38 of 3rd period - Minor Penalty to Thomas Chabot for Holding.
7:39 of 3rd period - Brendan Gaunce wins face-off versus Corey Trivino in Reign zone.
7:39 of 3rd period - Brendan Gaunce is hit by Brandon Pirri.
7:50 of 3rd period - Off-side.
7:51 of 3rd period - Corey Trivino wins face-off versus Christian Dvorak in neutral zone.
8:20 of 3rd period - Nikita Tryamkin is hit by Adrian Kempe and loses puck.
8:33 of 3rd period - Snap shot by Timo Meier.
8:33 of 3rd period - Goal by Timo Meier - Reign : 8 - Rocket : 3.
8:33 of 3rd period - Igor Shesterkin enters game.
8:34 of 3rd period - Brendan Gaunce wins face-off versus Corey Trivino in neutral zone.
8:50 of 3rd period - Snap shot by Adam Fox.
8:50 of 3rd period - Shot Misses the Net.
9:10 of 3rd period - Slapshot by Peter Holland.
9:10 of 3rd period - Stopped by Ilya Samsonov with a rebound.
9:38 of 3rd period - Penalty to Thomas Chabot is over, Thomas Chabot is back on ice.
9:43 of 3rd period - Slapshot by Thomas Chabot.
9:43 of 3rd period - Stopped by Igor Shesterkin without a rebound.
9:44 of 3rd period - Corey Trivino wins face-off versus Joel Eriksson Ek in Rocket zone.
10:39 of 3rd period - Joachim Blichfeld is hit by Ty Rattie and loses puck.
10:54 of 3rd period - Wrist shot by Christian Dvorak.
10:54 of 3rd period - Shot Misses the Net.
10:56 of 3rd period - Wrist shot by Christian Dvorak.
10:56 of 3rd period - Stopped by Igor Shesterkin without a rebound.
10:57 of 3rd period - Jacob Josefson wins face-off versus Corey Trivino in Rocket zone.
11:39 of 3rd period - Christian Dvorak is hit by Corey Trivino and loses puck.
12:10 of 3rd period - Snap shot by Jacob Josefson.
12:10 of 3rd period - Shot Blocked by Mattias Tedenby.
12:12 of 3rd period - Snap shot by Jacob Josefson.
12:12 of 3rd period - Stopped by Igor Shesterkin with a rebound.
12:14 of 3rd period - Wrist shot by Matthew Tkachuk.
12:14 of 3rd period - Shot Misses the Net.
12:36 of 3rd period - Wrist shot by Christian Dvorak.
12:36 of 3rd period - Deflect By Jacob Josefson.
12:36 of 3rd period - Deflect By Dean Kukan.
12:36 of 3rd period - Shot Misses the Net.
12:36 of 3rd period - Puck is out of play.
12:37 of 3rd period - Peter Holland wins face-off versus Brendan Gaunce in Rocket zone.
12:53 of 3rd period - Off-side.
12:54 of 3rd period - Jack Roslovic wins face-off versus Dominic Turgeon in neutral zone.
12:57 of 3rd period - Wrist shot by Vince Hinostroza.
12:57 of 3rd period - Shot Blocked by Adam Fox.
12:59 of 3rd period - Wrist shot by Timo Meier.
12:59 of 3rd period - Stopped by Igor Shesterkin without a rebound.
13:00 of 3rd period - Jack Roslovic wins face-off versus Dominic Turgeon in Rocket zone.
13:09 of 3rd period - Wrist shot by Jack Roslovic.
13:09 of 3rd period - Shot Misses the Net.
13:11 of 3rd period - Snap shot by Jack Roslovic.
13:11 of 3rd period - Shot Blocked by Dylan DeMelo.
13:13 of 3rd period - Wrist shot by Vince Hinostroza.
13:13 of 3rd period - Stopped by Igor Shesterkin with a rebound.
13:15 of 3rd period - Wrist shot by Jack Roslovic.
13:15 of 3rd period - Goal by Jack Roslovic - Reign : 9 - Rocket : 3.
13:16 of 3rd period - Brendan Gaunce wins face-off versus Peter Holland in neutral zone.
13:43 of 3rd period - Snap shot by Timo Meier.
13:43 of 3rd period - Stopped by Igor Shesterkin with a rebound.
13:45 of 3rd period - Wrist shot by Jack Roslovic.
13:45 of 3rd period - Stopped by Igor Shesterkin with a rebound.
13:47 of 3rd period - Wrist shot by Jack Roslovic.
13:47 of 3rd period - Deflect By Dean Kukan.
13:47 of 3rd period - Stopped by Igor Shesterkin without a rebound.
13:48 of 3rd period - Jiri Sekac wins face-off versus Jack Roslovic in Rocket zone.
14:01 of 3rd period - Wrist shot by Jiri Sekac.
14:01 of 3rd period - Deflect By Kole Sherwood.
14:01 of 3rd period - Stopped by Ilya Samsonov without a rebound.
14:02 of 3rd period - Brendan Gaunce wins face-off versus Corey Trivino in Reign zone.
14:08 of 3rd period - Wrist shot by A.J. Jenks.
14:08 of 3rd period - Shot Hit the Post.
14:10 of 3rd period - Slapshot by A.J. Jenks.
14:10 of 3rd period - Stopped by Igor Shesterkin without a rebound.
14:11 of 3rd period - Corey Trivino wins face-off versus Brendan Gaunce in Rocket zone.
14:11 of 3rd period - Corey Trivino is hit by Jack Dougherty.
14:19 of 3rd period - Wrist shot by Mattias Tedenby.
14:19 of 3rd period - Deflect By Brandon Pirri.
14:19 of 3rd period - Stopped by Ilya Samsonov with a rebound.
14:46 of 3rd period - Wrist shot by Mattias Tedenby.
14:46 of 3rd period - Shot Misses the Net.
15:00 of 3rd period - Wrist shot by Mattias Tedenby.
15:00 of 3rd period - Shot Misses the Net.
15:33 of 3rd period - Snap shot by A.J. Jenks.
15:33 of 3rd period - Stopped by Igor Shesterkin with a rebound.
15:35 of 3rd period - Wrist shot by Tyler Pitlick.
15:35 of 3rd period - Stopped by Igor Shesterkin without a rebound.
15:36 of 3rd period - Peter Holland wins face-off versus Jack Roslovic in Rocket zone.
15:49 of 3rd period - Jack Roslovic is hit by Adrian Kempe and loses puck.
16:03 of 3rd period - Off-side.
16:04 of 3rd period - Josh Anderson wins face-off versus Dominic Turgeon in neutral zone.
16:39 of 3rd period - Jakob Chychrun is hit by Andrei Mironov and loses puck.
17:46 of 3rd period - Snap shot by Adrian Kempe.
17:46 of 3rd period - Deflect By Danton Heinen.
17:46 of 3rd period - Stopped by Ilya Samsonov without a rebound.
17:47 of 3rd period - Peter Holland wins face-off versus Jacob Josefson in Reign zone.
18:12 of 3rd period - Tyler Pitlick is hit by Corey Trivino.
18:42 of 3rd period - Snap shot by Jiri Sekac.
18:42 of 3rd period - Stopped by Ilya Samsonov with a rebound.
19:35 of 3rd period - Snap shot by Mattias Tedenby.
19:35 of 3rd period - Stopped by Ilya Samsonov without a rebound.
19:36 of 3rd period - Jack Roslovic wins face-off versus Corey Trivino in Reign zone.
19:51 of 3rd period - Wrist shot by Mattias Tedenby.
19:51 of 3rd period - Shot Blocked by Dylan Blujus.
Goals for this period are 4 for Reign vs 1 for Rocket.
Shots for this period are 19 for Reign vs 14 for Rocket.